 Dungeon Crawl Stone Soup version 0.30.2 (webtiles) character file.

Game seed: 18369286628003349697

476 porpoise the Shooter (level 6, -4/49 HPs)
             Began as a Minotaur Hunter on Apr 2, 2024.
             Was a Follower of Hepliaklqana.
             Shot with an arrow by a centaur (15 damage)
             ... on level 5 of the Dungeon.
             The game lasted 00:07:16 (3242 turns).

porpoise the Shooter (Minotaur Hunter)              Turns: 3242, Time: 00:07:17

Health: -4/49      AC:  7    Str: 16    XL:     6   Next: 85%
Magic:  5/5        EV: 11    Int:  6    God:    Hepliaklqana [*.....]
Gold:   212        SH:  0    Dex: 21    Spells: 5/5 levels left

rFire   . . .        a - +1 shortbow
rCold   . . .        (shield currently unavailable)
rNeg    . . .        x - +0 ring mail
rPois   .            (helmet restricted)
rElec   .            (no cloak)
rCorr   .            A - +0 pair of gloves
SInv    .            (no boots)
Will    .....        f - amulet of regeneration
Stlth   +            h - +6 ring of dexterity
HPRegen 1.08/turn    (no ring)
MPRegen 0.09/turn

%: no passive effects
@: no status effects
A: reduced essence, horns 2, retaliatory headbutt
a: Renounce Religion, Recall Ancestor, Ancestor Identity


You were on level 5 of the Dungeon.
You worshipped Hepliaklqana.
Hepliaklqana was aware of your devotion.
You visited 1 branch of the dungeon, and saw 5 of its levels.

You collected 212 gold pieces.

Inventory:

Hand Weapons
 a - a +1 shortbow (weapon)
 b - a +2 hand axe of venom
 t - a +1 dagger of venom
Missiles
 l - 3 atropa-tipped darts
 r - 2 throwing nets
 s - 3 poisoned darts
 B - 6 boomerangs
Armour
 x - a +0 ring mail (worn)
 A - a +0 pair of gloves (worn)
Jewellery
 f - an amulet of regeneration (around neck)
 h - a +6 ring of dexterity (left hand)
 k - an amulet of faith
 o - a ring of fire
 p - a ring of ice
Wands
 y - a wand of iceblast (23)
Scrolls
 c - a scroll of enchant armour {unknown}
 d - a scroll of summoning {unknown}
 e - 2 scrolls of fog
 i - a scroll of vulnerability {unknown}
 j - 3 scrolls of immolation
 m - 2 scrolls of enchant weapon
 n - a scroll of noise
 q - a scroll of blinking {unknown}
 v - 3 scrolls of teleportation
 z - a scroll of identify
Potions
 g - 7 potions of brilliance
 u - a potion of attraction
 w - 2 potions of curing


   Skills:
 + Level 4.9 Fighting
 * Level 7.1 Ranged Weapons
 + Level 4.0 Armour
 - Level 2.1 Dodging
 - Level 0.7 Stealth


You had 5 spell levels left.
You didn't know any spells.
Your spell library contained the following spells:

 Spells                   Type           Power      Damage    Failure   Level
 Shock                    Conj/Air       0%         1d3       65%         1
 Swiftness                Air            0%         N/A       95%         3
 Volatile Blastmotes      Fire/Tloc      0%         2d10      95%         3
 Airstrike                Air            0%         2d(0-16)  100%        4
 Fulminant Prism          Conj/Hex       0%         3d5       100%        4
 Iskenderun's Mystic Bla  Conj/Tloc      0%         2d3       100%        4
 Lee's Rapid Deconstruct  Erth           0%         3d4*      100%        5


Dungeon Overview and Level Annotations

Branches:
Dungeon (5/15)
 Temple: D:4-7

Altars:
Cheibriados
Fedhas
Hepliaklqana
Nemelex Xobeh
Okawaru
Qazlal
Xom

Annotations:
D:3 1 runed translucent door, occam's ghost, amateur MiFi


Innate Abilities, Weirdness & Mutations

Your life essence is reduced to manifest your ancestor. (-10% HP)
You have a pair of horns on your head.
You reflexively headbutt those who attack you in melee.


Message History

You shoot an arrow. The arrow hits the centaur.
The centaur is heavily wounded.
The centaur hits you. The centaur closely misses you.
The scorpion stings you but does no damage.
The centaur misses you. The centaur kicks you.
You shoot an arrow. The arrow barely misses the centaur.
The scorpion stings you. The centaur misses you. The centaur kicks you.
The scorpion stings you.
You shoot an arrow. The arrow hits the scorpion!
The scorpion is almost dead.
The centaur hits you. The centaur barely misses you.
The scorpion stings you but does no damage.
The centaur hits you. The centaur barely misses you.
You shoot an arrow.
The arrow hits the scorpion but does no damage.
The scorpion is almost dead.
The centaur completely misses you. The centaur barely misses you.
The scorpion stings you but does no damage.
The centaur hits you. The centaur misses you. The scorpion stings you.
The centaur wields a +0 shortbow.
The centaur shoots an arrow.
The arrow hits you!
The scorpion stings Nikki.
Fire: a) +1 shortbow
Press: ? - help, Q - select action, (/) - cycle Shift-Dir - straight line, f/p - scorpion
Aim: a scorpion (almost dead, ally target, 68% to hit)
You shoot an arrow. Nikki avoids your attack.
The arrow hits the scorpion but does no damage.
The scorpion is almost dead.
The sentinel's mark upon you fades away.
The centaur shoots an arrow.
The arrow hits Nikki!
Nikki is destroyed!
An ogre comes into view. It is wielding a +0 giant club.
Fire: a) +1 shortbow
Press: ? - help, Q - select action, (/) - cycle Shift-Dir - straight line, f/p - scorpion
Aim: a scorpion (almost dead, 68% to hit)
You shoot an arrow. The arrow hits the scorpion.
You kill the scorpion!
The centaur shoots an arrow.
The arrow hits you!
* * * LOW HITPOINT WARNING * * *
The centaur shoots an arrow.
The arrow hits you!
You die...

.............................
...)...#..........#.#........
.......#.........##..........
.............................
.....##....................<.
#.........(..............#...
#...........##...# .....#...
#........†......##.. ........
.........##.@....... #..#.
.........##†###..... ..###
.......###.c# .##. ###
....... #!.. ..#.. ......
..... ..... .... .......
##### O........ #..
......).... ...#..
........##..........>...


You could see an ogre and a centaur.

Vanquished Creatures
  An ogre (D:5)
  2 scorpions (D:5)
  A howler monkey (D:5)
  A hound (D:4)
  An orc priest (D:5)
  An iguana (D:4)
  11 adders
  A worm (D:5)
  5 dart slugs
  3 orcs
  5 bats
  5 endoplasms
  3 giant cockroaches
  5 goblins
  6 hobgoblins
  A quokka (D:4)
  10 ball pythons
  5 frilled lizards
  6 kobolds
  3 rats
76 creatures vanquished.

Vanquished Creatures (collateral kills)
  A hound (D:5)
1 creature vanquished.

Vanquished Creatures (others)
  2 ancestors (D:5)
2 creatures vanquished.

Grand Total: 79 creatures vanquished

Notes
Turn   | Place    | Note
-------+----------+-------------------------------------------
     0 | D:1      | porpoise the Minotaur Hunter began the quest for the Orb.
     0 | D:1      | Reached XP level 1. HP: 18/18 MP: 0/0
   325 | D:1      | Reached XP level 2. HP: 20/25 MP: 1/1
   381 | D:1      | Reached skill level 1 in Armour
  1148 | D:2      | Reached skill level 5 in Ranged Weapons
  1148 | D:2      | Reached XP level 3. HP: 31/31 MP: 2/2
  1656 | D:3      | Reached XP level 4. HP: 38/38 MP: 3/3
  1950 | D:3      | Found a runed translucent door.
  1950 | D:3      | Noticed occam's ghost (amateur MiFi)
  1955 | D:3      | Found a sparkling altar of Nemelex Xobeh.
  1956 | D:3      | Found a hazy altar of Hepliaklqana.
  1964 | D:3      | Became a worshipper of Hepliaklqana the Forgotten
  1995 | D:3      | Found a faded altar of an unknown god.
  2071 | D:3      | Found an iron altar of Okawaru.
  2323 | D:3      | Found a snail-covered altar of Cheibriados.
  2444 | D:4      | Reached XP level 5. HP: 43/46 MP: 4/4
  2520 | D:4      | Reached skill level 6 in Ranged Weapons
  2567 | D:4      | Found a blossoming altar of Fedhas.
  2587 | D:4      | Found a shimmering altar of Xom.
  2587 | D:4      | Found a stormy altar of Qazlal.
  2948 | D:5      | Entered Level 5 of the Dungeon
  3015 | D:5      | Reached XP level 6. HP: 53/53 MP: 5/5
  3049 | D:5      | Reached * piety under Hepliaklqana
  3129 | D:5      | Reached skill level 7 in Ranged Weapons
  3242 | D:5      | Shot with an arrow by a centaur

Illustrated notes

Levels and vault maps discovered:
D:1:      lemuel_arrival_river_ford, layout_loops_cross
D:2:      layout_loops_corners
D:3:      layout_rooms, mainiacjoe_overflow_alcove_4,
          chequers_temple_overflow_statue_of_worship,
          mainiacjoe_overflow_brackets, nicolae_ecumenical_snake_handling,
          hellmonk_ghost_happy_afterlife, st_stairs_4, minmay_fountain_box,
          minmay_splitting_lines
D:4:      layout_rooms, grunt_temple_overflow_open, fedhas_altar_2,
          nicolae_half_adder
D:5:      layout_cave_pools, serial_bayou_pond_c

Skill      XL: |  1  2  3  4  5  6 |
---------------+-------------------+-----
Armour         | 1 2 3 4 |  4.0
Fighting       | 3 4 |  4.9
Ranged Weapons | 5 6 7 |  7.1
Dodging        | |  2.1
Stealth        | |  0.7

Action                     |  1- 3 |  4- 6 || total
---------------------------+-------+-------++-------
  Melee: Hand axe          |     1 |       ||     1
   Fire: Shortbow          |    75 |   129 ||   204
 Invoke: Ancestor Identity |       |     1 ||     1
    Use: Scroll            |     3 |     5 ||     8
 Armour: Leather armour    |    12 |       ||    12
         Ring mail         |       |    24 ||    24
  Dodge: Dodged            |    14 |    32 ||    46
